 Dungeon Crawl Stone Soup version 0.26.0-10-g1f06aea511 (webtiles) character file.

Game seed: 11578603918736589934

9485 Amaterasu the Grappler (level 11, 0/104 HPs)
             Began as a Troll Monk on Jan 24, 2021.
             Was a High Priest of Qazlal.
             Slain by lagdotcom's ghost (19 damage)
             ... on level 9 of the Dungeon.
             The game lasted 00:16:00 (8175 turns).

Amaterasu the Grappler (Troll Monk)                 Turns: 8175, Time: 00:16:00

Health: 0/104      AC: 15    Str: 24    XL:     11   Next: 23%
Magic:  9/14       EV: 12    Int:  6    God:    Qazlal [*****.]
Gold:   337        SH: 10    Dex: 12    Spells: 10/10 levels left

rFire    + . .     SeeInvis .     - Unarmed
rCold    . . .     Faith    .   (no shield)
rNeg     . . .     Spirit   .   a - +1 robe
rPois    .         Reflect  .   (helmet restricted)
rElec    .         Harm     .   x - +2 cloak
rCorr    .         Rampage  .   (gloves unavailable)
Will     .....     Clarity  +   (boots unavailable)
Stlth    +.........             k - amulet of the acrobat
HPRegen  0.67/turn              j - ring of protection from fire
MPRegen  0.14/turn              (no ring)

@: lethally poisoned (0 -> -3), protected from physical damage, repel missiles
A: large, unfitting armour, claws 3, large bone plates 1, molten scales 1,
clarity, regeneration 1, shaggy fur 1, tough skin 3, MP-powered wands
a: Renounce Religion, Upheaval, Elemental Force, Disaster Area


You were on level 9 of the Dungeon.
You worshipped Qazlal.
Qazlal was extremely pleased with you.
You visited 2 branches of the dungeon, and saw 11 of its levels.

You collected 457 gold pieces.
You spent 120 gold pieces at shops.

Inventory:

Missiles
 i - 40 poisoned darts (quivered)
 n - 4 javelins
Armour
 a - a +1 robe (worn)
 x - a +2 cloak (worn)
Jewellery
 j - a ring of protection from fire (left claw)
 k - an amulet of the acrobat (around neck)
 s - a cursed ring of flight
 t - an uncursed ring of ice
 y - an uncursed ring of protection from cold
Wands
 p - a wand of disintegration (6)
 u - a wand of polymorph (10)
 v - a wand of acid (7)
Scrolls
 b - 3 scrolls of teleportation
 c - 8 scrolls of remove curse
 e - 6 scrolls of identify
 m - a scroll of blinking
 q - a scroll of enchant weapon
 r - a scroll of enchant armour
Potions
 d - 6 potions of resistance
 f - a potion of curing
 g - 2 potions of flight
 h - a potion of brilliance
 l - a potion of attraction
 o - 2 potions of cancellation
 w - a potion of haste


   Skills:
 * Level 5.5 Fighting
 * Level 5.2 Throwing
 * Level 5.9 Dodging
 - Level 1.0 Stealth
 - Level 12.0 Unarmed Combat
 * Level 5.6 Invocations
 * Level 3.5 Evocations


You had 10 spell levels left.
You didn't know any spells.
Your spell library contained the following spells:

 Spells                   Type           Power        Failure   Level
 Summon Small Mammal      Summ           0%           45%         1
 Call Imp                 Summ           0%           58%         2
 Call Canine Familiar     Summ           0%           83%         3
 Summon Guardian Golem    Hex/Summ       0%           83%         3
 Summon Ice Beast         Ice/Summ       0%           99%         4
 Summon Lightning Spire   Summ/Air       0%           99%         4


Dungeon Overview and Level Annotations

Branches:
Dungeon (10/15)            Temple (1/1) D:4            Lair (0/6) D:8
    Orc (0/2) D:9

Altars:
Ashenzari
Cheibriados
Dithmenos
Elyvilon
Fedhas
Gozag
Hepliaklqana
Kikubaaqudgha
Makhleb
Nemelex Xobeh
Okawaru
Qazlal
Ru
Sif Muna
Trog
Uskayaw
Vehumet
Wu Jian
Xom
Yredelemnul
Zin
The Shining One

Shops:
D:8 }?([

Annotations:
D:9 lagdotcom's ghost, journeyman GnVM


Innate Abilities, Weirdness & Mutations

You are too large for most types of armour.
You have claws for hands.
Your natural rate of healing is unusually fast.
You are covered in fur. (AC +1)
You have extremely tough skin. (AC +3)
You are partially covered in large bone plates. (SH +4)
You are partially covered in molten scales. (AC +2)
You possess an exceptional clarity of mind.
You expend magic power (3 MP) to strengthen your wands.


Message History

* * * LOW HITPOINT WARNING * * *
You are more poisoned.
You barely miss lagdotcom's ghost.
Lagdotcom's ghost is almost destroyed.
You feel sick.
* * * LOW HITPOINT WARNING * * *
You are more poisoned.
Lagdotcom's ghost barely misses you.
You claw lagdotcom's ghost!
Lagdotcom's ghost is almost destroyed.
* * * LOW HITPOINT WARNING * * *
You are more poisoned.
Lagdotcom's ghost gestures at you while chanting.
The ball explodes into a vile cloud!
The stinking cloud engulfs you but does no damage.
The stinking cloud engulfs lagdotcom's ghost but does no damage.
You miss lagdotcom's ghost.
Lagdotcom's ghost is almost destroyed.
You feel sick. Lagdotcom's ghost hits you!!
You die...

#..........#.#.###
#..........#.#)###
#.#######'##.#((.(
#.# #.##.#((## #.#
#.##.#..## #.#
#.##.#.(.. #.#
##♣♣♣♣##..)... #)#
#.♣..♣♣♣♣#)### #@#
#.#♣♣...♣♣(#..
#W###.8#.♣...♣[[..
#...i..#♣.♣..♣((..
#.##W..'.♣...♣<.(.
#.###..#...♣.♣####
#.# #.8#♣....♣.)))
#.# #.#♣.♣♣.♣♣####
#.# #.♣.♣♣ ♣♣.....
####'####♣♣♣♣########


You could see lagdotcom's ghost (toxic aura).

Vanquished Creatures
  Harold (D:7)
  2 two-headed ogres
  Pikel (D:8)
  Joseph (D:8)
  Maurice (D:8)
  A troll (D:9)
  2 polar bears (D:9)
  Grinder (D:3)
  A vampire (D:10)
  A wraith (D:10)
  2 spriggans (D:9)
  4 yaks (D:10)
  Grum (D:8)
  Edmund (D:5)
  Menkaure (D:7)
  Duvessa (D:7)
  A sky beast (D:6)
  3 ice beasts
  5 orc warriors
  A necrophage (D:9)
  2 ogres
  The ghost of shitwizard the Chopper, an amateur DsCK of Xom (D:6)
  2 wolves (D:8)
  3 centaurs
  3 bullfrogs
  3 big kobolds (D:9)
  2 gnoll sergeants (D:9)
  Dowan (D:7)
  4 scorpions
  3 killer bees (D:8)
  7 wights
  2 howler monkeys (D:9)
  2 bullfrog zombies
  A quasit (D:9)
  A centaur zombie (D:4)
  Crazy Yiuf (D:7)
  4 hounds
  3 orc priests
  5 orc wizards
  3 bullfrog skeletons
  3 iguanas
  5 worker ants
  A hound skeleton (D:9)
  A worker ant zombie (D:9)
  13 gnolls
  9 adders
  2 shadow imps
  5 white imps
  An ufetubus (D:6)
  An ooze (D:4)
  An adder zombie (D:5)
  4 worms
  A dart slug (D:3)
  5 leopard geckos
  26 orcs
  A ball python (D:3)
  12 bats
  5 giant cockroaches
  13 goblins
  6 hobgoblins
  13 jackals
  2 quokkas
  4 frilled lizards
  A jackal skeleton (D:5)
  16 kobolds
  A leopard gecko skeleton (D:5)
  A quokka skeleton (D:4)
  9 rats
  A spectral orc (D:7)
248 creatures vanquished.

Vanquished Creatures (others)
  6 plants
6 creatures vanquished.

Grand Total: 254 creatures vanquished

Notes
Turn   | Place    | Note
-------+----------+-------------------------------------------
     0 | D:1      | Amaterasu the Troll Monk began the quest for the Orb.
     0 | D:1      | Reached XP level 1. HP: 22/22 MP: 0/0
    88 | D:1      | Reached XP level 2. HP: 29/29 MP: 1/1
   161 | D:1      | Reached skill level 4 in Unarmed Combat
   305 | D:1      | Reached XP level 3. HP: 33/36 MP: 2/2
  1099 | D:2      | Found a glowing silver altar of Zin.
  1099 | D:2      | Found a burning altar of Makhleb.
  1101 | D:2      | Noticed a cacodemon
  1101 | D:2      | Noticed an angel
  1184 | D:2      | Reached XP level 4. HP: 44/44 MP: 3/3
  1247 | D:2      | Reached skill level 5 in Unarmed Combat
  1683 | D:2      | Found a bloodstained altar of Trog.
  1860 | D:3      | Noticed Grinder
  1869 | D:3      | Killed Grinder
  1870 | D:3      | Reached skill level 6 in Unarmed Combat
  1870 | D:3      | Reached XP level 5. HP: 52/52 MP: 4/4
  1870 | D:3      | Reached XP level 6. HP: 59/59 MP: 5/5
  2833 | D:4      | Found a staircase to the Ecumenical Temple.
  2838 | Temple   | Entered the Ecumenical Temple
  2887 | Temple   | Became a worshipper of Qazlal Stormbringer
  2887 | Temple   | Reached * piety under Qazlal
  2887 | Temple   | Reached ** piety under Qazlal
  3572 | D:5      | Entered Level 5 of the Dungeon
  3582 | D:5      | Reached skill level 7 in Unarmed Combat
  3598 | D:5      | Reached XP level 7. HP: 66/67 MP: 6/6
  3671 | D:5      | Noticed Edmund
  3687 | D:5      | Killed Edmund
  3688 | D:5      | Reached skill level 1 in Invocations
  3731 | D:5      | Found a radiant altar of Vehumet.
  3736 | D:5      | Found an ornate altar of the Wu Jian Council.
  3736 | D:5      | Found a blossoming altar of Fedhas.
  3744 | D:5      | Reached skill level 8 in Unarmed Combat
  3875 | D:5      | Found a sparkling altar of Nemelex Xobeh.
  3878 | D:5      | Found a hazy altar of Hepliaklqana.
  3893 | D:5      | Found a white marble altar of Elyvilon.
  4171 | D:6      | Reached XP level 8. HP: 69/75 MP: 8/8
  4387 | D:6      | Reached *** piety under Qazlal
  4491 | D:6      | Found a shadowy altar of Dithmenos.
  4529 | D:6      | Found a runed translucent door.
  4533 | D:6      | Noticed shitwizard's ghost (amateur DsCK)
  4629 | D:6      | Found a snail-covered altar of Cheibriados.
  4821 | D:6      | Killed shitwizard's ghost
  5016 | D:7      | Noticed Harold
  5026 | D:7      | Killed Harold
  5027 | D:7      | Reached skill level 1 in Throwing
  5027 | D:7      | Reached skill level 5 in Dodging
  5027 | D:7      | Reached skill level 9 in Unarmed Combat
  5027 | D:7      | Reached XP level 9. HP: 69/84 MP: 8/10
  5057 | D:7      | Reached skill level 10 in Unarmed Combat
  5067 | D:7      | Noticed Duvessa
  5070 | D:7      | Noticed Dowan
  5081 | D:7      | Killed Duvessa
  5085 | D:7      | Killed Dowan
  5193 | D:7      | Found a runed translucent door.
  5194 | D:7      | Noticed Crazy Yiuf
  5286 | D:7      | Noticed Menkaure
  5291 | D:7      | Killed Menkaure
  5364 | D:7      | Found a basalt altar of Yredelemnul.
  5590 | D:7      | Found a bloodstained altar of Trog.
  5678 | D:7      | Killed Crazy Yiuf
  5799 | D:8      | Found Peddyul's Antique Weapon Emporium.
  5848 | D:8      | Noticed Joseph
  5860 | D:8      | Killed Joseph
  5861 | D:8      | Reached skill level 11 in Unarmed Combat
  6012 | D:8      | Noticed Maurice
  6022 | D:8      | Killed Maurice
  6064 | D:8      | Found a staircase to the Lair.
  6180 | D:8      | Found Gisupeth's Gadget Emporium.
  6220 | D:8      | Noticed Pikel
  6228 | D:8      | Killed Pikel
  6229 | D:8      | Reached skill level 1 in Evocations
  6229 | D:8      | Reached XP level 10. HP: 89/94 MP: 11/11
  6259 | D:8      | You fall into a shaft and drop 2 floors!
  6259 | D:10     | Entered Level 10 of the Dungeon
  6294 | D:10     | Reached **** piety under Qazlal
  6307 | D:10     | Noticed a two-headed ogre
  6344 | D:10     | Reached skill level 12 in Unarmed Combat
  6358 | D:10     | Killed a two-headed ogre
  6359 | D:10     | Reached skill level 5 in Fighting
  6568 | D:9      | Found a runed translucent door.
  6611 | D:9      | Noticed lagdotcom's ghost (journeyman GnVM)
  6723 | D:8      | Noticed Grum
  6731 | D:8      | Killed Grum
  6753 | D:8      | Found Ovesm's Magic Scroll Shoppe.
  6763 | D:8      | Bought a scroll of identify for 24 gold pieces
  6763 | D:8      | Bought a scroll of identify for 24 gold pieces
  6763 | D:8      | Bought a scroll of identify for 24 gold pieces
  6763 | D:8      | Bought a scroll of identify for 24 gold pieces
  6763 | D:8      | Bought a scroll of identify for 24 gold pieces
  6820 | D:8      | Reached skill level 5 in Invocations
  6849 | D:8      | Found Zeorich's Antique Armour Boutique.
  7153 | D:9      | Found an iron altar of Okawaru.
  7461 | D:9      | Found a staircase to the Orcish Mines.
  7494 | D:9      | Reached ***** piety under Qazlal
  7587 | D:9      | Reached XP level 11. HP: 99/102 MP: 13/13
  7667 | D:9      | Noticed a two-headed ogre
  7677 | D:9      | Killed a two-headed ogre
  7678 | D:9      | Reached skill level 5 in Throwing
  8093 | D:9      | Identified the +9 spear "Wuekepsi" {vorpal, Int+2}
  8111 | D:9      | Gained mutation: You expend magic power (3 MP) to
                  | strengthen your wands. [potion of mutation]
  8111 | D:9      | Gained mutation: You are partially covered in large bone
                  | plates. (SH +4) [potion of mutation]
  8111 | D:9      | Gained mutation: You are partially covered in molten
                  | scales. (AC +2) [potion of mutation]
  8111 | D:9      | Gained mutation: You possess an exceptional clarity of
                  | mind. [potion of mutation]
  8175 | D:9      | Slain by lagdotcom's ghost

Illustrated notes

Levels and vault maps discovered:
D:1:      dpeg_arrival_renting, layout_loops_ring, minmay_misc_feat_encased,
          minivault_11, hangedman_decor_slide_cut, minmay_hedge_maze
D:2:      layout_basic, grunt_temple_overflow_order_and_chaos_2,
          lightli_temple_of_fire
D:3:      layout_loops_corners, lexackson_kobold_supper, uniq_grinder
D:4:      layout_gridville, temple_doors_cd
D:5:      layout_cave_pools, overflow_temple_1_default,
          grunt_temple_overflow_open, uniq_edmund
D:6:      layout_layer_cave, nicolae_overflow_crystal_walls,
          nicolae_dithmenos_through_a_glass_darkly,
          hellmonk_ghost_happy_afterlife
D:7:      layout_rooms, yredelemnul_forgotten_temple_becter,
          trog_butcher_becter, uniq_harold, uniq_menkaure,
          uniq_crazy_yiuf_cottage, uniq_duvessa
D:8:      layout_gridville, lair_entry_dummy, serial_shops,
          nicolae_shop_waterfront, shop, nicolae_shop_overgrown_old_shop, shop,
          uniq_grum, uniq_maurice, uniq_joseph, uniq_pikel
D:9:      layout_basic, okawaru_altar_gauntlet_db,
          kennysheep_orc_monster_closet_entryway, ebering_ghost_funeral_grove
D:10:     minmay_general_purpose_star, layout_cave_pools
Temple:   kb_temple_of_zot

Skill      XL: |  1  2  3  4  5  6  7  8  9 10 11 |
---------------+----------------------------------+-----
Unarmed Combat | 4 6 7 8 9 11 12 | 12.0
Dodging        | 3 4 5 |  5.9
Fighting       | 3 4 5 |  5.5
Invocations    | 1 2 3 5 |  5.6
Throwing       | 1 2 4 5 |  5.2
Evocations     | 1 3 |  3.5
Stealth        | |  1.0

Action                   |  1- 3 |  4- 6 |  7- 9 | 10-12 || total
-------------------------+-------+-------+-------+-------++-------
Melee: Unarmed           |   102 |   155 |   236 |   270 ||   763
       Punch             |     2 |     4 |     6 |    14 ||    26
Evoke: Wand              |       |       |       |    12 ||    12
  Use: Scroll            |     5 |     6 |     7 |     3 ||    21
       Potion            |       |       |       |     5 ||     5
 Stab: Sleeping          |     5 |       |       |       ||     5
Armor: Robe              |    20 |    45 |    59 |    72 ||   196
       Skin              |       |       |       |    11 ||    11
Dodge: Dodged            |    49 |    92 |   144 |   156 ||   441
Block: Other             |       |     7 |    30 |    77 ||   114
